 Dungeon Crawl Stone Soup version 0.29.1-13-g9f3cf754e1 (webtiles) character file.

Game seed: 11200654682172551291

1096 javelincjr the Conjurer (level 7, -6/53 HPs)
             Began as a Demigod Conjurer on Jan 19, 2023.
             Mangled by a hornet (14 damage)
             ... on level 5 of the Dungeon.
             The game lasted 00:20:22 (6372 turns).

javelincjr the Conjurer (Demigod Conjurer)          Turns: 6372, Time: 00:20:23

Health: -6/53      AC:  8    Str:  8    XL:     7   Next: 84%
Magic:  16/16      EV: 16    Int: 28    God:
Gold:   329        SH:  0    Dex: 12    Spells: 9/14 levels left

rFire   . . .      SeeInvis .   u - +2 morningstar (freeze)
rCold   . . .      Faith    .   (no shield)
rNeg    . . .      Spirit   .   a - +0 robe
rPois   .          Reflect  .   C - +0 helmet
rElec   .          Harm     +   x - scarf {harm}
rCorr   .          Rampage  .   (no gloves)
Will    .....                   y - +0 pair of boots
Stlth   ++........              (no amulet)
HPRegen 0.17/turn               o - +4 ring of protection
MPRegen 0.15/turn               r - +4 ring of evasion

@: wereblooded (expiring), attractive
A: high MP 1, forlorn, divine attributes
a: no special abilities


You were on level 5 of the Dungeon.
You visited 1 branch of the dungeon, and saw 5 of its levels.

You collected 329 gold pieces.

Inventory:

Hand Weapons
 c - a +0 sling
 u - a +2 morningstar of freezing (weapon)
 B - a +0 trident
Missiles
 f - 9 poisoned darts
 A - 3 boomerangs (quivered)
Armour
 a - a +0 robe (worn)
 k - a +0 leather armour
 x - a scarf of harm (worn)
 y - a +0 pair of boots (worn)
 C - a +0 helmet (worn)
Jewellery
 o - a +4 ring of protection (left hand)
 r - a +4 ring of evasion (right hand)
 s - a +4 ring of evasion
Wands
 m - a wand of light (6)
Scrolls
 d - 4 scrolls of teleportation
 e - a scroll of butterflies {unknown}
 g - 7 scrolls of identify {unknown}
 i - a scroll of enchant armour {unknown}
 l - a scroll of vulnerability {unknown}
 p - a scroll of noise {unknown}
 t - a scroll of torment {unknown}
 w - a scroll of blinking {unknown}
 z - a scroll of poison {unknown}
 D - a scroll of amnesia {unknown}
Potions
 b - a potion of magic
 h - a potion of curing
 j - a potion of brilliance
 n - a potion of might {unknown}
 q - a potion of degeneration {unknown}
 v - a potion of haste {unknown}
 E - a potion of attraction


   Skills:
 + Level 1.8 Fighting
 + Level 1.9 Maces & Flails
 + Level 4.1 Ranged Weapons
 + Level 0.5 Throwing
 + Level 2.7 Dodging
 + Level 3.5 Stealth
 + Level 4.0 Spellcasting
 + Level 5.4 Conjurations


You had 9 spell levels left.
You knew the following spells:

 Your Spells              Type           Power      Damage    Failure   Level
a - Magic Dart            Conj           100%       1d8       1%          1
b - Searing Ray           Conj           72%        2d7       1%          2
c - Wereblood             Tmut           5%         N/A       11%         2

Your spell library contained the following spells:

 Spells                   Type           Power      Damage    Failure   Level
 Apportation              Tloc           10%        N/A       8%          1
 Beastly Appendage        Tmut           10%        N/A       8%          1
 Necrotise                Necr           20%        1d5       8%          1
 Summon Small Mammal      Summ           20%        N/A       8%          1
 Dazzling Flash           Conj/Hex       40%        N/A       8%          3
 Blink                    Tloc           10%        N/A       11%         2
 Lesser Beckoning         Tloc           5%         N/A       22%         3
 Spider Form              Tmut/Pois      5%         N/A       22%         3
 Tukima's Dance           Hex            5%         N/A       22%         3
 Fulminant Prism          Conj/Hex       10%        3d9       24%         4
 Iskenderun's Mystic Bla  Conj/Tloc      20%        2d6       24%         4
 Passage of Golubria      Tloc           5%         N/A       58%         4
 Manifold Assault         Tloc           5%         N/A       90%         5
 Yara's Violent Unravell  Hex/Tmut       2%         3d3       90%         5


Dungeon Overview and Level Annotations

Branches:
Dungeon (5/15)
 Temple: D:4-7

Annotations:
D:5 3 runed translucent doors, Eustachio; XinyiCatfish's ghost, novice PaAK


Innate Abilities, Weirdness & Mutations

You have an increased reservoir of magic. (+10% MP)
You shall have no god before yourself.
Your divine heritage dramatically boosts your attributes as you level up.


Message History

Confirm with . or Enter, or press ? or * to list all spells.
Your blood is infused with primal strength.
The orc priest barely misses you.
You closely miss the orc priest.
The orc priest invokes the aid of Beogh against you.
Beogh smites you! The orc priest misses you.
You hear a shout! x2; You hear an angry buzzing noise.
You hear a shout!
You barely miss the orc priest.
You hear a shout!
You puncture the orc wizard! You freeze the orc wizard.
The orc wizard is almost dead.
You barely miss the orc priest. The orc wizard closely misses you.
The orc priest misses you.
You closely miss the orc wizard.
The orc wizard is almost dead.
The orc wizard hits you but does no damage.
The orc priest hits you with a +0 hand axe.
You thump the orc wizard! You freeze the orc wizard.
You feel a bit better.
You kill the orc wizard!
The orc priest closely misses you. The orc priest misses you.
You barely miss the orc priest.
You howl as the wereblood boils in your veins!
The orc priest looks satisfied for a moment.
You hit the orc priest. You freeze the orc priest.
The orc priest is heavily wounded.
The orc priest calls down the wrath of Beogh upon you.
Pain shoots through your body! The orc priest completely misses you.
An orc priest comes into view.
It is wielding a +2 short sword of flaming.
You puncture the orc priest! You freeze the orc priest.
You feel a bit better.
You kill the orc priest!
You howl as the wereblood boils in your veins!
The orc priest mumbles some strange prayers to Beogh against you.
Beogh smites you!
* * * LOW HITPOINT WARNING * * *
The hornet completely misses you.
Your Spellcasting skill increases to level 4!
It was a potion of attraction.
You feel attractive to monsters.
Your primal bloodlust is almost over.
The hornet stings you!
You die...

#....... .. # #.#
#.. #.# #########.#
####.......#.#
#....#####.#.#######
#.##.# #.........#
#....## #...#####.#
#...##@)# #.#.# ..##
##y# #.#.# ##.o#
#.#.# ...## #(#.#
...#..# #.#.#
o...#...# #.#.# #.#
##.##...# #.#.# #.#
###...#####.#.# #.#
. #.<.o......#.# #.#


You could see a hornet and an orc priest.

Vanquished Creatures
  Grinder (D:3)
  Menkaure (D:5)
  An ice beast (D:5)
  An ogre (D:4)
  A phantom (D:5)
  A kobold brigand (D:3)
  A scorpion (D:5)
  A necrophage (D:4)
  An orc priest (D:5)
  A hound (D:5)
  A jelly (D:5)
  Jessica (D:2)
  An orc wizard (D:5)
  Robin (D:4)
  4 gnolls (D:2)
  6 adders
  2 ufetubi
  2 dart slugs (D:1)
  8 orcs
  8 bats
  7 endoplasms
  A giant cockroach (D:1)
  8 goblins
  9 hobgoblins
  2 jackals (D:5)
  3 quokkas
  4 ball pythons
  6 frilled lizards
  2 kobolds (D:4)
  7 rats
93 creatures vanquished.

Notes
Turn   | Place    | Note
-------+----------+-------------------------------------------
     0 | D:1      | javelincjr the Demigod Conjurer began the quest for the
                  | Orb.
     0 | D:1      | Reached XP level 1. HP: 14/14 MP: 5/5
   397 | D:1      | Reached skill level 4 in Conjurations
   495 | D:1      | Reached XP level 2. HP: 20/20 MP: 5/7
  1156 | D:1      | Learned a level 2 spell: Searing Ray
  1498 | D:2      | Reached XP level 3. HP: 25/26 MP: 5/8
  1528 | D:2      | Reached skill level 1 in Ranged Weapons
  1589 | D:2      | Noticed Jessica
  1592 | D:2      | Killed Jessica
  1859 | D:2      | Reached XP level 4. HP: 33/33 MP: 3/9
  3139 | D:3      | Noticed a kobold brigand
  3148 | D:3      | Killed a kobold brigand
  3149 | D:3      | Reached XP level 5. HP: 37/39 MP: 3/11
  3271 | D:3      | Noticed Grinder
  3968 | D:3      | Killed Grinder
  3969 | D:3      | Reached skill level 1 in Fighting
  3969 | D:3      | Reached XP level 6. HP: 19/47 MP: 2/13
  4989 | D:4      | Reached skill level 5 in Conjurations
  5368 | D:4      | Noticed Robin
  5375 | D:4      | Killed Robin
  5552 | D:5      | Entered Level 5 of the Dungeon
  5554 | D:5      | Noticed Menkaure
  5561 | D:5      | Killed Menkaure
  5562 | D:5      | Reached skill level 1 in Maces & Flails
  5562 | D:5      | Reached XP level 7. HP: 31/52 MP: 6/15
  5996 | D:5      | Found a runed translucent gate.
  5996 | D:5      | Found a runed translucent gate.
  5996 | D:5      | Identified the +1 plate armour of Qarghakul {Int+4}
  5997 | D:5      | Found a runed translucent gate.
  5997 | D:5      | Noticed XinyiCatfish's ghost (novice PaAK)
  6000 | D:5      | Identified the +4 dagger of the Wary Defenders {freeze,
                  | +Blink Str+3 Dex+7}
  6029 | D:5      | Noticed Eustachio
  6030 | D:5      | Noticed a hornet
  6039 | D:5      | Paralysed by a hornet for 1 turns
  6046 | D:5      | HP: 1/53 [hornet (15)]
  6362 | D:5      | Learned a level 2 spell: Wereblood
  6372 | D:5      | Mangled by a hornet

Illustrated notes

Levels and vault maps discovered:
D:1:      dpeg_arrival_tiny_d, layout_basic,
          shapermc_ecumenical_altar_notcrosses
D:2:      layout_basic, interstate_on_off, uniq_jessica
D:3:      layout_loops_cross, minmay_checkerbox, uniq_grinder
D:4:      layout_loops_ring, chequers_temple_overflow_minitemple, uniq_robin
D:5:      layout_loops_ring, minmay_temple_entry_wispy, serial_shops, shop,
          biasface_ghost_orc_armoury, dreamdust_princess_bridge,
          minmay_manual_mail, uniq_eustachio, uniq_menkaure

Skill      XL: |  1  2  3  4  5  6  7 |
---------------+----------------------+-----
Conjurations   | 4 5 |  5.4
Stealth        | 2 3 |  3.5
Ranged Weapons | 2 3 4 |  4.1
Spellcasting   | 2 3 4 |  4.0
Dodging        | 2 |  2.7
Fighting       | 1 |  1.8
Maces & Flails | 1 |  1.9
Throwing       | |  0.5

Action                   |  1- 3 |  4- 6 |  7- 9 || total
-------------------------+-------+-------+-------++-------
Melee: Morningstar       |       |    13 |    10 ||    23
 Fire: Sling             |    28 |    22 |       ||    50
Throw: Boomerang         |       |     4 |       ||     4
 Cast: Magic Dart        |    28 |    15 |       ||    43
       Searing Ray       |     8 |    34 |    11 ||    53
       Wereblood         |       |       |     1 ||     1
  Use: Potion            |       |       |     4 ||     4
       Scroll            |       |       |     1 ||     1
 Stab: Sleeping          |       |     1 |       ||     1
Armor: Robe              |     4 |     7 |     5 ||    16
Dodge: Dodged            |     6 |    35 |    34 ||    75
